 Dungeon Crawl Stone Soup version 0.27-a0-1136-g0b992a5a9d (webtiles) character file.

Game seed: 1113475789701039184

38 1player the Cutter (level 3, 0/30 HPs)
             Began as a Demigod Fighter on May 4, 2021.
             Succumbed to a goblin's poison
             ... on level 2 of the Dungeon.
             The game lasted 00:02:58 (1052 turns).

1player the Cutter (Demigod Fighter)                Turns: 1052, Time: 00:02:59

Health: 0/30       AC:  8    Str: 21    XL:     3   Next: 10%
Magic:  5/5        EV:  9    Int: 10    God:
Gold:   53         SH:  0    Dex: 13    Spells: 2/2 levels left

rFire    . . .     SeeInvis .   a - +0 rapier
rCold    . . .     Faith    .   (no shield)
rNeg     . . .     Spirit   .   b - +0 scale mail
rPois    .         Reflect  .   (no helmet)
rElec    .         Harm     .   (no cloak)
rCorr    .         Rampage  .   e - +0 pair of gloves
Will     .....                  f - +0 pair of boots
Stlth    ..........             (no amulet)
HPRegen  0.10/turn              (no ring)
MPRegen  0.09/turn              (no ring)

@: mighty, lethally poisoned (0 -> -6), hasted, very quick
A: high mp 1, forlorn
a: no special abilities


You were on level 2 of the Dungeon.
You visited 1 branch of the dungeon, and saw 2 of its levels.

You collected 53 gold pieces.

Inventory:

Hand Weapons
 a - a +0 rapier (weapon)
Armour
 b - a +0 scale mail (worn)
 c - a +0 kite shield
 e - a +0 pair of gloves (worn)
 f - a +0 pair of boots (worn)
Potions
 g - a potion of brilliance {unknown}
 h - a potion of haste
 i - a potion of curing {unknown}


   Skills:
 - Level 2.6 Fighting
 + Level 3.4 Short Blades
 - Level 2.6 Armour
 - Level 2.6 Shields


You had 2 spell levels left.
You didn't know any spells.
Your spell library was empty.

Dungeon Overview and Level Annotations

Branches:
Dungeon (2/15)


Innate Abilities, Weirdness & Mutations

Your attributes grow dramatically as you level up.
You have an increased reservoir of magic. (+10% MP)
You shall have no god before yourself.


Message History

The goblin shoots a stone.
The stone hits you but does no damage.
You closely miss the goblin.
The goblin unwields a +0 hunting sling.
The goblin wields a +1 dagger of venom.
It begins to drip with poison!
The goblin hits you but does no damage.
You are poisoned.
You feel very mighty all of a sudden.
You feel very sick. The goblin hits you but does no damage.
Robin roars a battlecry!
The goblin goes into a battle-frenzy!
You closely miss the goblin.
You feel sick.
The goblin hits you with a +1 dagger of venom.
You are more poisoned.
Robin throws the goblin at you!
You feel very sick.
The goblin unwields a +1 dagger of venom.
It stops dripping with poison.
The goblin wields a +0 hunting sling.
The goblin shoots a stone.
The stone hits you but does no damage. Robin hits you but does no damage.
Items here: ))) †.
You puncture Robin!
Robin is severely wounded.
You feel sick.
The goblin shoots a stone.
The stone hits you but does no damage. Robin hits you but does no damage.
You hit Robin.
Robin is almost dead.
You feel sick. Robin hits you with a +0 short sword.
* * * LOW HITPOINT WARNING * * *
The goblin shoots a stone.
The stone hits you.
* * * LOW HITPOINT WARNING * * *
You puncture Robin!
You kill Robin!
* * * LOW HITPOINT WARNING * * *
You feel sick.
The goblin shoots a stone.
The stone closely misses you.
You have reached level 3!
Your experience leads to a dramatic increase in your attributes!
Increase (S)trength, (I)ntelligence, or (D)exterity?
You feel stronger. x4
It was a potion of haste.
You feel yourself speed up.
You die...

########
#......#
#......#
#g####......##
#gggg.........
##......##
#.........
#)########
#@##.....#
#.##.###.#
#g##)#.#.#
##.##.#...#
#.....#.###
#....)#.#
#.....#.#
#....##.#
......##.#


You could see a goblin (strong).

Vanquished Creatures
  Robin (D:2)
  An endoplasm (D:1)
  2 giant cockroaches (D:1)
  5 goblins
  3 hobgoblins
  2 jackals (D:1)
  3 kobolds (D:1)
  2 ball pythons (D:1)
  2 frilled lizards (D:1)
  5 rats (D:1)
26 creatures vanquished.

Notes
Turn   | Place    | Note
-------+----------+-------------------------------------------
     0 | D:1      | 1player the Demigod Fighter began the quest for the Orb.
     0 | D:1      | Reached XP level 1. HP: 18/18 MP: 3/3
    95 | D:1      | Reached skill level 2 in Short Blades
   334 | D:1      | Reached XP level 2. HP: 25/25 MP: 4/4
   824 | D:1      | Reached skill level 3 in Short Blades
  1028 | D:2      | Noticed Robin
  1051 | D:2      | Killed Robin
  1051 | D:2      | HP: 1/25 [poisoned by a goblin]
  1052 | D:2      | Reached XP level 3. HP: 1/30 MP: 5/5
  1052 | D:2      | Succumbed to a goblin's poison

Illustrated notes

Levels and vault maps discovered:
D:1:      dpeg_arrival_erosion, layout_basic, grunt_decor_mini_mirrors,
          hangedman_abyss_or_decor_stabs, grunt_decor_junction
D:2:      layout_basic, basic_ecumenical_altar, serial_shops, shop,
          uniq_jessica, uniq_robin

Skill      XL: |  1  2 |
---------------+-------+-----
Short Blades   | 2 3 |  3.4
Fighting       | |  2.6
Armour         | |  2.6
Shields        | |  2.6

Action                   || total
-------------------------++-------
Melee: Rapier            ||    66
  Use: Potion            ||     2
       Scroll            ||     1
Armor: Scale mail        ||    33
Dodge: Dodged            ||    19

Table legend: (Time is in decaauts)
 A = Elapsed time spent in this place.
 B = Non-inter-level travel time spent in this place.
 C = Inter-level travel time spent in this place.
 D = Time resting spent in this place.
 E = Time spent auto-exploring this place.
 F = Levels seen in this place.
 G = Mean time per level.
                   A        B        C        D        E       F      G
               +--------+--------+--------+--------+--------+-----+--------+
         Total |   1058 |   1005 |     53 |    137 |    571 |   2 |  529.0 |
       Dungeon |   1058 |   1005 |     53 |    137 |    571 |   2 |  529.0 |
               +--------+--------+--------+--------+--------+-----+--------+

Top non-repeatable levels by time:
     D:1: 977 daAuts
     D:2: 81 daAuts
